 Dungeon Crawl Stone Soup version 0.28.0-53-g5a82cb258f (webtiles) character file.

Game seed: 5474092107431007695

917 Descartes the Shield-Bearer (level 8, -5/56 HPs)
             Began as a Formicid Warper on May 28, 2022.
             Killed by nerve-wracking pain
             ... invoked by a shadow imp
              (14 damage)
             ... on level 7 of the Dungeon.
             The game lasted 00:08:12 (5068 turns).

Descartes the Shield-Bearer (Formicid Warper)       Turns: 5068, Time: 00:08:13

Health: -5/56      AC:  5    Str: 20    XL:     8   Next: 31%
Magic:  11/11      EV: 11    Int: 17    God:
Gold:   217        SH:  0    Dex: 10    Spells: 11/11 levels left

rFire   . . .      SeeInvis +   i - +3 whip (freeze)
rCold   + . .      Faith    .   (no shield)
rNeg    . . .      Spirit   .   h - +2 leather armour "Sitsetay" {Str+2 Int+4}
rPois   .          Reflect  .   (helmet unavailable)
rElec   .          Harm     .   (no cloak)
rCorr   .          Rampage  .   (no gloves)
Will    .....                   (no boots)
Stlth   +.........              a - amulet of regeneration
HPRegen 0.98/turn               l - ring of protection from cold
MPRegen 0.12/turn               u - ring of wizardry

@: no status effects
A: permanent stasis, dig shafts and tunnels, antennae 3, four strong arms
a: Dig, Shaft Self


You were on level 7 of the Dungeon.
You visited 1 branch of the dungeon, and saw 7 of its levels.

You collected 217 gold pieces.

Inventory:

Hand Weapons
 i - a +3 whip of freezing (weapon)
 p - a +3 hand axe
 q - a +0 war axe
Missiles
 c - 5 boomerangs of dispersal (quivered)
 f - 72 stones
 n - 3 boomerangs
 r - a throwing net
Armour
 b - a +0 scale mail
 h - the +2 leather armour "Sitsetay" (worn) {Str+2 Int+4}
   (You found it on level 2 of the Dungeon)

   Str:       It affects your strength (+2).
   Int:       It affects your intelligence (+4).
Jewellery
 a - an amulet of regeneration (around neck)
 k - a +6 ring of intelligence
 l - a ring of protection from cold (left hand)
 s - a ring of flight
 u - a ring of wizardry (right hand)
Wands
 v - a wand of paralysis (9)
 w - a wand of flame (3)
Scrolls
 e - a scroll of teleportation {unknown}
 g - a scroll of fog {unknown}
 j - a scroll of immolation {unknown}
 m - 2 scrolls of torment {unknown}
 o - a scroll of identify {unknown}
 t - a scroll of holy word {unknown}
 y - a scroll of brand weapon {unknown}
 z - a scroll of vulnerability {unknown}
 A - a scroll of silence {unknown}
 B - a scroll of blinking {unknown}
Potions
 d - a potion of resistance {unknown}
 x - a potion of berserk rage {unknown}


   Skills:
 - Level 2.1 Fighting
 + Level 4.2(4.9) Axes
 + Level 3.5(4.5) Maces & Flails
 - Level 1.0 Throwing
 + Level 4.5 Armour
 - Level 1.7 Dodging
 + Level 4.7 Shields
 - Level 2.1 Spellcasting
 + Level 4.5 Translocations


You had 11 spell levels left.
You didn't know any spells.
Your spell library contained the following spells:

 Spells                   Type           Power      Damage    Failure   Level
 Gell's Gravitas          Tloc           17%        N/A       4%          3
 Lesser Beckoning         Tloc           17%        N/A       4%          3
 Teleport Other           Tloc           17%        N/A       4%          3
 Magic Dart               Conj           4%         1d3       9%          1
 Corpse Rot               Necr/Air       2%         N/A       13%         2
 Poisonous Vapours        Pois/Air       2%         N/A       13%         2
 Searing Ray              Conj           2%         2d4       13%         2
 Manifold Assault         Tloc           17%        N/A       34%         5
 Fulminant Prism          Conj/Hex       0%         3d6       61%         4
 Blink                    Tloc           Unusable   N/A       N/A         2

Dungeon Overview and Level Annotations

Branches:
Dungeon (8/15)
 Temple: D:4-7         Lair: D:8-11

Altars:
Nemelex Xobeh

Annotations:
D:4 2 transporters, kalagan's ghost, amateur DECj


Innate Abilities, Weirdness & Mutations

You cannot be hasted, slowed, berserked, paralysed or teleported.
You can dig through walls and to a lower floor.
You have a pair of large antennae on your head. (SInv)
Your four strong arms can wield two-handed weapons with a shield.


Message History

The black bear bites you.
* * * LOW HITPOINT WARNING * * *
The black bear misses you.
The black bear claws you but does no damage.
You hear an angry hiss.
You whack the howler monkey! You freeze the howler monkey.
The howler monkey is heavily wounded.
The howler monkey closely misses you. The howler monkey barely misses you.
The black bear bites you.
* * * LOW HITPOINT WARNING * * *
The black bear claws you.
* * * LOW HITPOINT WARNING * * *
The black bear completely misses you.
The howler monkey hoots and howls with incredible vigour!
The shadow imp gestures at you. Pain shoots through your body!
* * * LOW HITPOINT WARNING * * *
The black bear bites you.
* * * LOW HITPOINT WARNING * * *
The black bear misses you.
The black bear claws you but does no damage.
The shadow imp misses you.
The howler monkey hits you but does no damage.
The shadow imp barely misses you.
The howler monkey hoots and howls with incredible vigour!
You hit the shadow imp.
The shadow imp is moderately wounded.
The shadow imp barely misses you.
You hit the shadow imp.
The shadow imp is severely wounded.
You closely miss the shadow imp.
The shadow imp is severely wounded.
The shadow imp hits you.
* * * LOW HITPOINT WARNING * * *
Unknown command.
You barely miss the shadow imp.
The shadow imp is severely wounded.
The shadow imp gestures at you. Pain shoots through your body!
You die...

#.# #...# .# {
#.###...###.##
#
#.##..........
#.#>##........#
#.#.##........#
#..hh.....#
##.hh{{{..#
#.#5###.###
#.##@# #)# ##
#.# #.....# #..
.Z.####
####...# #...#
#{..# #>..#
.....


You could see a black bear, 3 howler monkeys and a shadow imp.

Vanquished Creatures
  Eustachio (D:4)
  2 necrophages (D:4)
  An ogre (D:5)
  2 centaurs
  2 phantoms (D:4)
  A jelly (D:4)
  A hound (D:5)
  An iguana (D:4)
  4 adders
  An adder skeleton (D:4)
  4 worms
  3 dart slugs (D:1)
  6 orcs
  7 bats
  2 endoplasms
  2 giant cockroaches
  4 goblins
  9 hobgoblins
  2 jackals (D:2)
  3 quokkas
  3 ball pythons
  4 frilled lizards
  A jackal skeleton (D:4)
  8 kobolds
  5 rats
79 creatures vanquished.

Notes
Turn   | Place    | Note
-------+----------+-------------------------------------------
     0 | D:1      | Descartes the Formicid Warper began the quest for the Orb.
     0 | D:1      | Reached XP level 1. HP: 16/16 MP: 3/3
   247 | D:1      | Found a faded altar of an unknown god.
   265 | D:1      | Reached XP level 2. HP: 17/22 MP: 5/5
   488 | D:1      | Reached skill level 1 in Shields
   849 | D:2      | Reached XP level 3. HP: 21/27 MP: 6/6
   967 | D:2      | Identified the +2 leather armour "Sitsetay" {Str+2 Int+4}
  1931 | D:2      | Reached XP level 4. HP: 33/33 MP: 7/7
  2449 | D:3      | Reached skill level 1 in Maces & Flails
  2782 | D:3      | Reached XP level 5. HP: 27/38 MP: 8/8
  2961 | D:4      | Found a transporter.
  2962 | D:4      | Found a transporter.
  2962 | D:4      | Noticed kalagan's ghost (amateur DECj)
  2962 | D:4      | Noticed a phantom
  3005 | D:4      | Killed a phantom
  3279 | D:4      | Noticed a black bear
  3351 | D:4      | Reached XP level 6. HP: 32/44 MP: 9/9
  3608 | D:4      | Noticed a necrophage
  3619 | D:4      | Killed a necrophage
  3978 | D:4      | Found a sparkling altar of Nemelex Xobeh.
  3981 | D:4      | Noticed Eustachio
  4020 | D:4      | Killed Eustachio
  4021 | D:4      | Reached XP level 7. HP: 16/50 MP: 10/10
  4856 | D:5      | Entered Level 5 of the Dungeon
  4961 | D:5      | Reached XP level 8. HP: 44/56 MP: 11/11
  4977 | D:5      | You fall into a shaft and drop 3 floors!
  5068 | D:7      | Killed from afar by a shadow imp

Illustrated notes

Levels and vault maps discovered:
D:1:      heliophobic_arrival_enchanted_forest, layout_basic,
          basic_ecumenical_altar
D:2:      layout_basic, kennysheep_big_empty_room, chequers_arboretum,
          skrybe_limestone_x
D:3:      layout_loops_cross
D:4:      layout_basic, mainiacjoe_overflow_small_starburst,
          gammafunk_ghost_arena, wad_rectangle_vault, uniq_eustachio
D:5:      layout_basic, water_boxes_lemuel
D:7:      layout_loops_cross, minmay_temple_entry_hall
D:8:      layout_basic

Skill      XL: |  1  2  3  4  5  6  7 |
---------------+----------------------+-----
Shields        | 1 2 3 4 |  4.7
Translocations | 3 4 |  4.5
Armour         | 2 3 4 |  4.5
Maces & Flails | 1 2 3 |  3.5
Axes           | 3 4 |  4.2
Fighting       | |  2.1
Throwing       | |  1.0
Dodging        | |  1.7
Spellcasting   | |  2.1

Action                   |  1- 3 |  4- 6 |  7- 9 || total
-------------------------+-------+-------+-------++-------
Melee: Hand axe          |    80 |       |       ||    80
       Whip              |    36 |   162 |    89 ||   287
       Punch             |       |     2 |       ||     2
Evoke: Wand              |       |     1 |       ||     1
  Use: Potion            |       |     4 |       ||     4
       Scroll            |       |     1 |       ||     1
 Stab: Paralysed         |       |     3 |       ||     3
Armor: Leather armour    |    56 |    42 |    30 ||   128
Dodge: Dodged            |    91 |   108 |    53 ||   252
